General information
- name: BNet
- type: Ladder team game (AT/RT)
- host: Battle.net
- saver: PanicSwitch
map: TwilightRuins
- players: 8
- length: 32:29
- speed: Fast
- version: 1.27 W3XP
- replay type: Public
» download(239 KB)
Players
team 1 (winner)
Ivory87 (
orange | 116 APM | 3778 actions | 32:28)
7 Death Knight
3 Death Coil
3 Unholy Aura
1 Animate Dead
4 Lich
2 Frost Nova
2 Frost Armor
6 Crypt Lord
1 Impale
3 Carrion Beetles
1 Spiked Carapace
1 Locust Swarm
» actions
| Assign group hotkey | 27 | |
| Basic commands | 1 | |
| Build / train | 97 | |
| Enter build submenu | 21 | |
| Enter hero's abilities submenu | 17 | |
| Give item / drop item | 3 | |
| Remove unit from queue | 1 | |
| Right click | 1354 | |
| Select / deselect | 534 | |
| Select group hotkey | 1629 | |
| Use ability | 94 | |
3778 total
» units
| Acolyte | 7 | |
| Ghoul | 6 | |
| Crypt Fiend | 14 | |
| Obsidian Statue | 4 | |
| Frost Wyrm | 14 | |
45 total
» upgrades
| Creature Attack | 3 | |
| Creature Carapace | 3 | |
| Burrow | 1 | |
| Web | 1 | |
| Freezing Breath | 1 | |
9 total
» buildings
| Graveyard | 1 | |
| Crypt | 1 | |
| Altar of Darkness | 1 | |
| Ziggurat | 8 | |
| Tomb of Relics | 1 | |
| Necropolis | 1 | |
| Halls of the Dead | 1 | |
| Spirit Tower | 5 | |
| Black Citadel | 1 | |
| Sacrificial Pit | 1 | |
| Slaughterhouse | 2 | |
| Boneyard | 3 | |
26 total
» build order
00:45 Graveyard
00:51 Crypt
00:55 Altar of Darkness
00:58 Ziggurat
01:10 Ziggurat
01:20 Tomb of Relics
02:13 Ziggurat
05:33 Necropolis
06:07 Halls of the Dead
06:33 Ziggurat
07:04 Ziggurat
07:06 Ziggurat
07:08 Ziggurat
07:57 Spirit Tower
07:58 Spirit Tower
08:02 Spirit Tower
08:40 Black Citadel
09:47 Sacrificial Pit
10:26 Slaughterhouse
11:02 Boneyard
11:04 Boneyard
11:10 Boneyard
11:59 Spirit Tower
12:50 Spirit Tower
14:39 Slaughterhouse
16:15 Ziggurat
» items
| Rod of Necromancy | 1 | |
| Orb of Corruption | 1 | |
| Scroll of Healing | 1 | |
| Potion of Healing | 2 | |
| Scroll of Town Portal | 5 | |
| Potion of Lesser Invulnerability | 2 | |
12 total
Taryn (
teal | 110 APM | 2234 actions | 20:13)
5 Demon Hunter
3 Mana Burn
2 Evasion
» actions
| Assign group hotkey | 60 | |
| Basic commands | 52 | |
| Build / train | 63 | |
| ESC pressed | 7 | |
| Enter build submenu | 35 | |
| Enter hero's abilities submenu | 5 | |
| Right click | 1126 | |
| Select / deselect | 277 | |
| Select group hotkey | 552 | |
| Use ability | 57 | |
2234 total
» units
| Wisp | 14 | |
| Huntress | 2 | |
| Archer | 9 | |
| Goblin Shredder | 1 | |
| Hippogryph | 2 | |
| Dryad | 14 | |
42 total
» upgrades
| Strength of the Wild | 3 | |
| Reinforced Hides | 3 | |
| Hippogryph Taming | 1 | |
| Abolish Magic | 1 | |
| Vorpal Blades | 1 | |
9 total
» buildings
| Altar of Elders | 1 | |
| Moon Well | 7 | |
| Hunter's Hall | 1 | |
| Ancient of War | 1 | |
| Ancient Protector | 7 | |
| Ancient of Wonders | 1 | |
| Tree of Ages | 1 | |
| Tree of Eternity | 1 | |
| Ancient of Wind | 2 | |
| Ancient of Lore | 6 | |
28 total
» build order
00:17 Altar of Elders
00:20 Moon Well
00:55 Moon Well
01:44 Moon Well
02:10 Hunter's Hall
02:27 Ancient of War
03:22 Ancient Protector
04:20 Ancient of Wonders
04:32 Tree of Ages
05:41 Moon Well
07:17 Tree of Eternity
07:30 Ancient of Wind
10:37 Ancient of Wind
10:40 Ancient of Lore
10:41 Ancient of Lore
10:44 Ancient of Lore
10:46 Ancient of Lore
14:48 Ancient of Lore
14:52 Ancient Protector
14:53 Ancient Protector
14:57 Ancient Protector
15:00 Ancient Protector
15:08 Ancient Protector
15:12 Ancient Protector
16:12 Ancient of Lore
18:42 Moon Well
18:42 Moon Well
18:43 Moon Well
» items
PanicSwitch (
green | 66 APM | 2135 actions | 32:29)
10 Warden
3 Fan of Knives
3 Blink
3 Shadow Strike
1 Spirit of Vengeance
» actions
| Assign group hotkey | 142 | |
| Basic commands | 6 | |
| Build / train | 68 | |
| Enter build submenu | 54 | |
| Enter hero's abilities submenu | 10 | |
| Give item / drop item | 3 | |
| Remove unit from queue | 1 | |
| Right click | 1144 | |
| Select / deselect | 233 | |
| Select group hotkey | 131 | |
| Use ability | 343 | |
2135 total
» units
| Wisp | 29 | |
| Goblin Shredder | 2 | |
| Goblin Zeppelin | 2 | |
| Goblin Sapper | 4 | |
37 total
» upgrades
| Well Spring | 1 | |
| Ultravision | 1 | |
| Nature's Blessing | 1 | |
3 total
» buildings
| Altar of Elders | 1 | |
| Moon Well | 74 | |
| Tree of Life | 2 | |
| Hunter's Hall | 1 | |
| Tree of Ages | 1 | |
| Ancient Protector | 7 | |
| Tree of Eternity | 1 | |
| Ancient of Wind | 1 | |
| Ancient of Wonders | 2 | |
90 total
» build order
00:07 Altar of Elders
00:19 Moon Well
01:11 Moon Well
01:20 Moon Well
01:39 Moon Well
02:08 Moon Well
02:39 Moon Well
03:08 Moon Well
04:24 Tree of Life
04:36 Hunter's Hall
04:42 Moon Well
05:06 Tree of Ages
05:46 Ancient Protector
05:47 Ancient Protector
05:47 Ancient Protector
06:11 Ancient Protector
07:37 Tree of Eternity
08:53 Moon Well
08:54 Moon Well
08:56 Moon Well
08:56 Moon Well
08:56 Moon Well
08:57 Moon Well
08:58 Moon Well
08:58 Moon Well
09:47 Moon Well
09:48 Moon Well
09:48 Moon Well
09:50 Moon Well
09:51 Moon Well
09:51 Moon Well
09:52 Moon Well
09:54 Moon Well
09:56 Moon Well
09:56 Moon Well
11:26 Moon Well
11:27 Moon Well
13:15 Moon Well
13:15 Moon Well
13:16 Moon Well
13:16 Moon Well
14:31 Moon Well
14:32 Moon Well
14:32 Moon Well
14:32 Moon Well
14:33 Moon Well
14:34 Moon Well
14:34 Moon Well
14:36 Moon Well
14:36 Moon Well
14:37 Moon Well
16:11 Moon Well
16:12 Moon Well
16:13 Moon Well
16:13 Moon Well
16:14 Moon Well
17:22 Ancient of Wind
17:25 Ancient of Wonders
17:29 Ancient of Wonders
18:59 Moon Well
18:59 Moon Well
18:59 Moon Well
19:00 Moon Well
19:01 Moon Well
21:14 Ancient Protector
21:16 Ancient Protector
21:17 Ancient Protector
28:30 Tree of Life
28:34 Moon Well
28:36 Moon Well
28:37 Moon Well
28:37 Moon Well
28:38 Moon Well
28:39 Moon Well
28:39 Moon Well
28:39 Moon Well
28:40 Moon Well
28:40 Moon Well
28:40 Moon Well
28:41 Moon Well
29:30 Moon Well
29:30 Moon Well
29:30 Moon Well
29:31 Moon Well
29:32 Moon Well
29:32 Moon Well
» items
| Potion of Lesser Invulnerability | 1 | |
| Boots of Speed | 1 | |
| Periapt of Vitality | 1 | |
| Staff of Teleportation | 1 | |
| Potion of Healing | 1 | |
| Anti-magic Potion | 1 | |
| Potion of Mana | 1 | |
| Orb of Corruption | 1 | |
| Potion of Invisibility | 1 | |
| Scroll of Town Portal | 5 | |
14 total
1.1.1.1 (
yellow | 48 APM | 1546 actions | 32:28)
7 Warden
2 Fan of Knives
1 Blink
3 Shadow Strike
1 Spirit of Vengeance
» actions
| Basic commands | 8 | |
| Build / train | 73 | |
| Enter build submenu | 19 | |
| Enter hero's abilities submenu | 8 | |
| Give item / drop item | 3 | |
| Remove unit from queue | 1 | |
| Right click | 972 | |
| Select / deselect | 325 | |
| Use ability | 137 | |
1546 total
» units
| Wisp | 12 | |
| Dryad | 4 | |
| Druid of the Claw | 13 | |
| Mountain Giant | 10 | |
39 total
» upgrades
| Strength of the Wild | 3 | |
| Reinforced Hides | 3 | |
| Abolish Magic | 1 | |
| Druid of the Claw Training | 2 | |
| Resistant Skin | 1 | |
| Hardened Skin | 1 | |
| Ultravision | 1 | |
12 total
» buildings
| Moon Well | 8 | |
| Altar of Elders | 1 | |
| Hunter's Hall | 1 | |
| Tree of Ages | 1 | |
| Ancient of Wonders | 1 | |
| Ancient of Lore | 2 | |
| Tree of Eternity | 1 | |
| Ancient of Wind | 1 | |
| Ancient Protector | 1 | |
| Tree of Life | 1 | |
18 total
» build order
00:13 Moon Well
00:29 Altar of Elders
01:33 Hunter's Hall
02:05 Tree of Ages
02:25 Moon Well
02:40 Ancient of Wonders
03:24 Moon Well
04:23 Moon Well
04:38 Ancient of Lore
05:23 Moon Well
05:38 Tree of Eternity
06:24 Moon Well
10:58 Moon Well
11:06 Moon Well
14:52 Ancient of Wind
15:13 Ancient of Lore
15:22 Ancient Protector
19:54 Tree of Life
» items
| Dust of Appearance | 1 | |
| Moonstone | 1 | |
| Orb of Venom | 1 | |
| Potion of Healing | 2 | |
| Scroll of Town Portal | 4 | |
| Healing Wards | 1 | |
| Book of the Dead | 1 | |
11 total
team 2 (loser)
200hz (
blue | 60 APM | 1955 actions | 32:27)
6 Archmage
3 Summon Water Elemental
2 Brilliance Aura
1 Mass Teleport
4 Mountain King
2 Storm Bolt
2 Bash
1 Priestess of the Moon
1 Searing Arrows
» actions
| Build / train | 109 | |
| Enter build submenu | 32 | |
| Enter hero's abilities submenu | 12 | |
| Give item / drop item | 8 | |
| Right click | 1198 | |
| Select / deselect | 485 | |
| Use ability | 111 | |
1955 total
» units
| Peasant | 20 | |
| Rifleman | 26 | |
| Goblin Shredder | 2 | |
| Mortar Team | 5 | |
53 total
» upgrades
| Gunpowder | 3 | |
| Armor | 3 | |
| Masonry | 3 | |
| Long Rifles | 1 | |
| Fragmentation Shards | 1 | |
| Flare | 1 | |
| Flying Machine Bombs | 1 | |
| Flak Cannons | 1 | |
| Lumber Harvesting | 1 | |
15 total
» buildings
| Altar of Kings | 1 | |
| Farm | 12 | |
| Lumber Mill | 1 | |
| Barracks | 1 | |
| Blacksmith | 1 | |
| Arcane Vault | 1 | |
| Keep | 1 | |
| Town Hall | 1 | |
| Scout Tower | 10 | |
| Castle | 1 | |
| Guard Tower | 7 | |
| Workshop | 4 | |
| Arcane Tower | 1 | |
42 total
» build order
00:23 Altar of Kings
00:37 Farm
00:53 Lumber Mill
01:13 Farm
01:27 Barracks
01:58 Blacksmith
02:31 Farm
02:36 Arcane Vault
03:12 Farm
04:42 Keep
05:04 Town Hall
05:21 Farm
06:13 Farm
06:56 Scout Tower
07:35 Castle
07:38 Scout Tower
07:40 Guard Tower
07:42 Scout Tower
07:46 Scout Tower
08:08 Workshop
08:19 Guard Tower
08:22 Scout Tower
08:27 Farm
08:32 Scout Tower
08:51 Guard Tower
08:55 Farm
08:59 Guard Tower
09:01 Farm
09:11 Workshop
09:18 Workshop
09:27 Farm
10:06 Workshop
10:19 Farm
10:22 Farm
27:15 Scout Tower
27:19 Scout Tower
27:56 Arcane Tower
27:58 Guard Tower
28:00 Scout Tower
28:03 Scout Tower
29:24 Guard Tower
29:28 Guard Tower
» items
| Scroll of Regeneration | 5 | |
| Potion of Healing | 3 | |
| Scroll of Town Portal | 6 | |
| Potion of Lesser Invulnerability | 2 | |
| Boots of Speed | 1 | |
| Orb of Venom | 1 | |
18 total

»
Pandemics (
red | 37 APM | 940 actions | 25:44)
7 Keeper of the Grove
3 Entangling Roots
3 Thorns Aura
1 Tranquility
» actions
| Assign group hotkey | 19 | |
| Basic commands | 36 | |
| Build / train | 83 | |
| Enter build submenu | 20 | |
| Enter hero's abilities submenu | 7 | |
| Remove unit from queue | 2 | |
| Right click | 439 | |
| Select / deselect | 248 | |
| Select group hotkey | 8 | |
| Use ability | 78 | |
940 total
» units
| Wisp | 26 | |
| Huntress | 17 | |
| Dryad | 13 | |
| Druid of the Claw | 2 | |
58 total
» upgrades
| Strength of the Moon | 1 | |
| Moon Armor | 1 | |
| Sentinel | 1 | |
| Upgrade Moon Glaive | 1 | |
| Druid of the Claw Training | 2 | |
6 total
» buildings
| Altar of Elders | 3 | |
| Moon Well | 11 | |
| Hunter's Hall | 1 | |
| Ancient of War | 2 | |
| Ancient Protector | 2 | |
| Ancient of Wonders | 2 | |
| Tree of Ages | 1 | |
| Ancient of Lore | 1 | |
| Tree of Eternity | 1 | |
| Tree of Life | 1 | |
25 total
» build order
00:24 Altar of Elders
00:37 Moon Well
01:01 Hunter's Hall
01:41 Ancient of War
02:10 Ancient Protector
02:39 Ancient Protector
02:51 Ancient of Wonders
02:59 Ancient of Wonders
03:09 Moon Well
03:56 Tree of Ages
04:14 Moon Well
05:17 Moon Well
06:26 Ancient of Lore
06:38 Tree of Eternity
09:51 Tree of Life
10:05 Ancient of War
15:09 Moon Well
15:11 Moon Well
15:12 Moon Well
15:14 Moon Well
18:28 Altar of Elders
20:05 Altar of Elders
24:31 Moon Well
24:32 Moon Well
24:33 Moon Well
» items
| Potion of Lesser Invulnerability | 1 | |
| Staff of Preservation | 1 | |
| Scroll of Town Portal | 3 | |
5 total

»
Dr.YoungGoose (
purple | 44 APM | 1415 actions | 32:16)
6 Death Knight
2 Death Coil
3 Unholy Aura
1 Animate Dead
5 Lich
2 Frost Armor
2 Frost Nova
1 Dark Ritual
» actions
| Assign group hotkey | 25 | |
| Basic commands | 16 | |
| Build / train | 62 | |
| Enter build submenu | 22 | |
| Enter hero's abilities submenu | 11 | |
| Give item / drop item | 5 | |
| Remove unit from queue | 1 | |
| Right click | 726 | |
| Select / deselect | 319 | |
| Select group hotkey | 144 | |
| Use ability | 84 | |
1415 total
» units
| Acolyte | 6 | |
| Ghoul | 4 | |
| Crypt Fiend | 6 | |
| Obsidian Statue | 6 | |
| Frost Wyrm | 5 | |
| Dryad | 1 | |
28 total
» upgrades
| Creature Attack | 3 | |
| Creature Carapace | 3 | |
| Web | 1 | |
| Freezing Breath | 1 | |
8 total
» buildings
| Altar of Darkness | 1 | |
| Crypt | 1 | |
| Ziggurat | 9 | |
| Tomb of Relics | 3 | |
| Nerubian Tower | 1 | |
| Graveyard | 1 | |
| Halls of the Dead | 1 | |
| Spirit Tower | 2 | |
| Slaughterhouse | 1 | |
| Black Citadel | 1 | |
| Sacrificial Pit | 1 | |
| Boneyard | 2 | |
24 total
» build order
00:08 Altar of Darkness
00:12 Crypt
00:18 Ziggurat
01:21 Tomb of Relics
01:27 Tomb of Relics
01:33 Ziggurat
01:41 Nerubian Tower
02:27 Graveyard
03:45 Halls of the Dead
05:06 Ziggurat
05:08 Spirit Tower
06:35 Slaughterhouse
08:09 Black Citadel
08:15 Ziggurat
10:14 Sacrificial Pit
10:17 Tomb of Relics
10:49 Ziggurat
11:14 Boneyard
11:16 Boneyard
11:21 Ziggurat
13:51 Spirit Tower
14:55 Ziggurat
21:48 Ziggurat
21:50 Ziggurat
» items
| Rod of Necromancy | 1 | |
| Dust of Appearance | 1 | |
| Scroll of Healing | 2 | |
| Scroll of Town Portal | 3 | |
7 total
nicolai123 (
pink | 59 APM | 1701 actions | 28:35)
5 Tauren Chieftain
2 War Stomp
3 Endurance Aura
» actions
| Build / train | 93 | |
| Enter build submenu | 16 | |
| Enter hero's abilities submenu | 6 | |
| Give item / drop item | 4 | |
| Remove unit from queue | 4 | |
| Right click | 1066 | |
| Select / deselect | 448 | |
| Use ability | 63 | |
1701 total
» units
| Peon | 8 | |
| Troll Headhunter/Berserker | 47 | |
| Kodo Beast | 4 | |
59 total
» upgrades
| Ranged Weapons | 3 | |
| Armor | 3 | |
| Troll Regeneration | 1 | |
| Berserker Upgrade | 1 | |
| War Drums Damage Increase | 1 | |
9 total
» buildings
| Orc Burrow | 7 | |
| Altar of Storms | 1 | |
| War Mill | 1 | |
| Barracks | 2 | |
| Voodoo Lounge | 1 | |
| Stronghold | 1 | |
| Fortress | 1 | |
| Beastiary | 1 | |
| Great Hall | 2 | |
17 total
» build order
00:19 Orc Burrow
00:34 Altar of Storms
00:49 War Mill
01:04 Barracks
01:55 Orc Burrow
02:42 Voodoo Lounge
03:03 Stronghold
04:31 Orc Burrow
05:37 Fortress
07:00 Orc Burrow
07:09 Beastiary
09:22 Orc Burrow
13:51 Barracks
13:59 Orc Burrow
14:22 Orc Burrow
25:06 Great Hall
26:29 Great Hall
» items
| Healing Salve | 1 | |
| Circlet of Nobility | 2 | |
| Orb of Lightning | 1 | |
| Scroll of Town Portal | 1 | |
5 total
Chat log
(00:06 / Allies) Taryn: rush?
(00:11 / Allies) Ivory87: hi ger 100g plz fast
(00:21 / Allies) Ivory87: 3 nelf
(00:27 / Allies) Ivory87: guys..........
(00:29 / Allies) Taryn: rush?
(00:38 / Allies) Ivory87: no rush
(00:41 / Allies) Ivory87: thx
(00:45 / Allies) Taryn: well
(00:48 / Allies) Taryn: that suuck
(00:49 / Allies) Taryn: lel
(01:05 / Allies) Ivory87: its not a rush map
(01:10 / Allies) Taryn: YE
(01:13 / Allies) Taryn: well
(01:29 / Allies) Taryn: will tech
(01:40 / Allies) Ivory87: no fast tech on this positon
(01:47 / Allies) Taryn: oh
(01:51 / Allies) Taryn: wel
(01:55 / Allies) Ivory87: do exe fast
(01:56 / Allies) Taryn: true
(02:07 / Allies) Ivory87: and some units
(02:15 / Allies) Taryn: sec
(08:26 / Allies) Taryn: need wood?
(11:59 / Allies) 1.1.1.1: ок
(14:24 / Allies) 1.1.1.1: лол
(14:36 / Allies) 1.1.1.1: where units?
(15:34 / All) nicolai123: Real
(16:21 / Allies) Taryn: go
(19:15 / Allies) 1.1.1.1: omg
(19:53 / Allies) Ivory87: u suxx so hardcore omg
(20:18 / Allies) Ivory87: green basdart noob omg
(20:26 / Allies) Ivory87: play tetris next time
(20:39 / Allies) 1.1.1.1: gren noob ? he don't have units
(20:40 / Allies) Ivory87: useless noob
(20:59 / Allies) Ivory87: too late basdart
(22:01 / All) Ivory87: only hero ....:D what an idiot
(25:44 / All) PanicSwitch: zzzZZz
(25:47 / All) PanicSwitch: CMON YOU CANT LAG IN A HIGH OCTANE GAME
(26:50 / All) 1.1.1.1: ljl
(29:19 / All) 1.1.1.1: lol
(32:03 / All) Ivory87: gg noobs
(32:11 / All) Ivory87: u loose